[Event "Torneo Nuevo Centro. Jornada 11"]
[Site "Chess.com"]
[Date "2020.08.28"]
[Round "8"]
[White "Beneyto de Ramon, Guillermo"]
[Black "Kovacevic, Slobodan"]
[Result "0-1"]
[WhiteElo "1651"]
[BlackElo "2225"]
[TimeControl "180+2"]
[EndTime "11:53:32 PDT"]
[Termination "Victoria de nikko110 por jaque mate"]

1. c4 c5 2. Nc3 b6 3. g3 Bb7 4. Nf3 e6 5. Bg2 Nf6 6. O-O a6 7. d3 d6 8. Bg5 Be7 9. Rb1 O-O 10.
a3 Nbd7 11. b4 Qc7 12. bxc5 bxc5 13. Ne4 Bxe4 14. dxe4 Rab8 15. Qd3 Qa5 16. Rbd1 Qa4 17. Qc2 Qxc2 18. e5 Nxe5 19. Nxe5 dxe5 20. Rc1 Qxe2 21.
Rfe1 Qb2 22. h3 Rfd8 23. Kh2 Qxf2 24. Rxe5 Rb2 25. Rg1 Rd3 26. Bf4 h6 27. Ree1 Nh5 28.
Be5 Ra2 29. Rb1 Nxg3 30. Bxg3 Qxg3+ 31. Kh1 Qxh3+ 32. Bxh3 Rxh3# 0

[Event "Torneo Nuevo Centro. Jornada 11"]
[Site "Chess.com"]
[Date "2020.08.28"]
[Round "8"]
[White "Gukasov, Artem"]
[Black "Pedros Viudes, Santiago"]
[Result "0-1"]
[WhiteElo "1444"]
[BlackElo "1896"]
[TimeControl "180+2"]
[EndTime "11:53:39 PDT"]
[Termination "Victoria de ElGatoKamsky por abandono"]

1. e4 e6 2. d4 d5 3. e5 c5 4. c3 Qb6 5. Nf3 Nc6 6. a3 c4 7. Nbd2 Na5 8. Be2 Bd7 9. O-O O-O-O 10. Rb1 Kb8 11. b4 cxb3 12. Nxb3 Ba4 13. Nfd2 Rc8 14. Qc2 Ne7 15. Qb2 Nxb3 16. Nxb3 Nc6 17. Nc5 Qxb2 18.
Rxb2 Bxc5 19. dxc5 Nxe5 20. Bf4 f6 21. Be3 Ka8 22.
Bb5 Bxb5 23. Rxb5 Nc4 24. Rb3 Nxe3 25. fxe3 Rxc5 26. Rfb1 b6 27. Kf2 Rhc8 28. Rc1 Kb7 29. Ke2 Rc4 30. Kd3 e5 31. Rb4 Rxb4 32. axb4 a5 33.
bxa5 bxa5 34. Ra1 Ra8 35. Rb1+ Kc6 36. c4 a4 37. cxd5+ Kxd5 38. e4+ Kc5 39. Kc3 a3 40. Ra1 a2 41. Kb3 Kd4 0

[Event "Torneo Nuevo Centro. Jornada 11"]
[Site "Chess.com"]
[Date "2020.08.28"]
[Round "8"]
[White "Soliva Ruiz, Ramon"]
[Black "Bendayán Claros, Aaron"]
[Result "0-1"]
[WhiteElo "1515"]
[BlackElo "1979"]
[TimeControl "180+2"]
[EndTime "11:53:42 PDT"]
[Termination "Victoria de Cuajada_Zero por tiempo"]

1. d4 d5 2. Bf4 e6 3. e3 Bd6 4. Bg3 Bxg3 5. hxg3 f5 6. Be2 Nf6 7. Nf3 Nbd7 8. a3 c6 9. c4 O-O 10. Nc3 Ne4 11. Rc1 Qe7 12. cxd5 exd5 13. b4 a6 14. O-O Rf6 15. Nd2 Rh6 16. Ndxe4 fxe4 17. Bg4 Nf6 18.
Bxc8 Rxc8 19. Qe2 Qe6 20. f3 exf3 21. Rxf3 Re8 22. Rcf1 Rg6 23. Qf2 h6 24. Nd1 Kh7 25. Rf5 Ne4 26. Qe1 Nxg3 0

[Event "Torneo Nuevo Centro. Jornada 11"]
[Site "Chess.com"]
[Date "2020.08.28"]
[Round "8"]
[White "Miranda Calvo, Max Rodrigo"]
[Black "Grigorev, Artur "]
[Result "1-0"]
[WhiteElo "1301"]
[BlackElo "915"]
[TimeControl "180+2"]
[EndTime "11:54:05 PDT"]
[Termination "Victoria de bas-max-miranda por abandono"]

1. e4 e5 2. Nf3 Nc6 3. Bc4 Bc5 4. d3 Nf6 5. Bg5 O-O 6. Nc3 h6 7. Bh4 d6 8. Nd5 g5 9. Nxf6+ Qxf6 10. Bg3 h5 11. h3 h4 12. Bh2 Be6 13. Bxe6 Qxe6 14. Nxg5 Qf6 15. Nf3 Nd4 16. Nxd4 Bxd4 17. Qg4+ Kh8 18.
O-O Rg8 19. Qh5+ Kg7 20. c3 Bc5 21. Qe2 Rgd8 22. Rad1 Kf8 23. Qd2 Ke7 24. d4 Rg8 25. dxc5 Qg6 26. f3 dxc5 27. Qd7+ Kf6 28. Rf2 Rad8 29. Qxd8+ Rxd8 30. Rxd8 Qg5 31. Rfd2 Kg6 32. Rg8+ Kh5 33. Rxg5+ Kxg5 34. Rd7 f6 35. Rxc7 b6 36.
Rxa7 1

[Event "Torneo Nuevo Centro. Jornada 11"]
[Site "Chess.com"]
[Date "2020.08.28"]
[Round "8"]
[White "Alvarez Usina, Jordi"]
[Black "Hernández Tomás, Efrén"]
[Result "0-1"]
[WhiteElo "1259"]
[BlackElo "1138"]
[TimeControl "180+2"]
[EndTime "11:54:17 PDT"]
[Termination "Victoria de EfrenHT10 por tiempo"]

1. d4 d5 2. Bf4 Bf5 3. e3 Nf6 4. Bd3 e6 5. c3 Bxd3 6. Qxd3 Nc6 7. Nf3 Bd6 8. Ne5 Nxe5 9. dxe5 Nh5 10. exd6 Nxf4 11.
exf4 Qxd6 12. Qe3 Qc6 13. O-O Qb5 14. Nd2 Qxb2 15. Rfb1 Qc2 16. Rc1 Qb2 17. Rcb1 Qc2 18. Rxb7 c6 19. Rab1 O-O 20. h3 Qxa2 21. Nf3 Qc4 22.
Qe5 Qa6 23. Rb8 Raxb8 24. Rxb8 Qa1+ 25. Kh2 Qa6 26. Ng1 Qf1 27. Rxf8+ Kxf8 28. Qd6+ Ke8 29.
Qxc6+ Ke7 30. Qc7+ Kf6 31. Qxa7 Qxf2 32. Qxf2 Kf5 33. Qh4 h6 0

[Event "Torneo Nuevo Centro. Jornada 11"]
[Site "Chess.com"]
[Date "2020.08.28"]
[Round "8"]
[White "Montesinos Diaz, Luis"]
[Black "Blanco Solaz, Ramón"]
[Result "1-0"]
[WhiteElo "1909"]
[BlackElo "1957"]
[TimeControl "180+2"]
[EndTime "11:54:24 PDT"]
[Termination "Victoria de Gwiso_06 por abandono"]

1. d4 Nf6 2. Nf3 g6 3. Bg5 Bg7 4. c3 h6 5. Bh4 d6 6. Nbd2 Bf5 7. Qb3 b6 8. Bxf6 Bxf6 9. e4 Be6 10. Bc4 Qd7 11. d5 Bg4 12. Bb5 c6 13. dxc6 Nxc6 14.
Nd4 Bxd4 15. cxd4 a6 16. Bc4 O-O 17. Qe3 Nb4 18. Rc1 b5 19. Bb3 Kh7 20. f3 Bh5 21. a3 Nc6 22. g4 Bxg4 23. fxg4 Qxg4 24. Rg1 Qh4+ 25. Qg3 Qxg3+ 26. Rxg3 Nxd4 27. Bd5 Rab8 28. Rc7 e6 29. Ba2 b4 30. Rd3 Nc2+ 31. Rxc2 a5 32. axb4 axb4 33. Rc7 Ra8 34. Bxe6 Ra1+ 35. Ke2 Kg7 36.
Rxd6 Kf6 37. Bd5+ Ke5 38. Nc4+ Kd4 39. Bxf7+ Kxe4 40. Bxg6+ Kf4 41. Rd4+ Kg5 42. Bd3 Raf1 43. Rc5+ 1

[Event "Torneo Nuevo Centro. Jornada 11"]
[Site "Chess.com"]
[Date "2020.08.28"]
[Round "8"]
[White "Lloret Ramis, Juan José"]
[Black "Gómez Alonso, Óscar"]
[Result "1-0"]
[WhiteElo "1980"]
[BlackElo "1798"]
[TimeControl "180+2"]
[EndTime "11:54:48 PDT"]
[Termination "Victoria de Amiplim por abandono"]

1. c4 Nf6 2. Nc3 c5 3. Nf3 Nc6 4. g3 e6 5. Bg2 g6 6. O-O Bg7 7. d4 cxd4 8. Nxd4 a6 9. Nxc6 bxc6 10. Bf4 O-O 11. Bd6 Re8 12. Qd2 Bb7 13. Rfd1 e5 14. c5 a5 15. Na4 e4 16. e3 Nd5 17.
Nc3 Nxc3 18. bxc3 f5 19. Bf1 Qf6 20. Bc4+ Kh8 21. Rdc1 Ba6 22. Qe2 Bxc4 23. Qxc4 Qe6 24.
Qxe6 Rxe6 25. Rab1 Be5 26. Rd1 Bxc3 27. Rb7 Rd8 28.
Bc7 Rc8 29. Rxd7 Bb4 30. Bd6 Rxd6 31. cxd6 c5 32. Rxh7+ Kg8 33. Rbg7+ Kf8 34. d7 Rd8 35. Rh8+ Kxg7 36. Rxd8 c4 37. Re8 c3 38. d8=Q c2 39.
Qc7+ 1

[Event "Torneo Nuevo Centro. Jornada 11"]
[Site "Chess.com"]
[Date "2020.08.28"]
[Round "8"]
[White "Fenollar Jorda, Manolo"]
[Black "Carbonell Sancho, Marc"]
[Result "1-0"]
[WhiteElo "2504"]
[BlackElo "1999"]
[TimeControl "180+2"]
[EndTime "11:55:01 PDT"]
[Termination "Victoria de Cucudrulu por abandono"]

1. d4 Nf6 2. Nf3 g6 3. Bg5 Bg7 4. Nbd2 O-O 5. e4 d6 6. Bc4 c6 7. Bb3 Qc7 8. O-O Nbd7 9. Qe2 e5 10. dxe5 dxe5 11. Rfd1 Nc5 12. Bxf6 Bxf6 13. c3 Nxb3 14. axb3 Be6 15. Nc4 b5 16. Na5 Rad8 17. b4 Bg7 18.
Qe3 h6 19. Qc5 Rxd1+ 20. Rxd1 Rc8 21. h3 f6 22. Qd6 Kf7 23. Qd2 Bf8 24. Qe3 c5 25.
Qe1 cxb4 26. cxb4 Qc2 27. Nb7 Qxb2 28. Kh2 Bxb4 29. Qe3 g5 30. Qxa7 Kg6 31. Nd8 Bc5 32.
Qb7 Qb3 33. Rd3 Qxd3 34. Nxe6 Rg8 35. Nxc5 Qc4 36. Qc6 b4 37. Nxe5+ 1

[Event "Torneo Nuevo Centro. Jornada 11"]
[Site "Chess.com"]
[Date "2020.08.28"]
[Round "8"]
[White "Bosch Jordà, Ricard"]
[Black "Birnoveanu, Petru"]
[Result "0-1"]
[WhiteElo "1898"]
[BlackElo "1725"]
[TimeControl "180+2"]
[EndTime "11:55:05 PDT"]
[Termination "Victoria de piculet por jaque mate"]

1. e4 d5 2. exd5 Qxd5 3. Nc3 Qe5+ 4. Be2 c6 5. Nf3 Qd6 6. d4 Nf6 7. Bg5 Bf5 8. Qd2 Nbd7 9. O-O-O h6 10. Bf4 Qb4 11.
Kb1 e6 12. Ne5 Be7 13. Nxd7 Nxd7 14. g4 Bg6 15. h4 h5 16. gxh5 Bxh5 17. Bxh5 Rxh5 18.
Bg5 Bf6 19. Bxf6 gxf6 20. Qf4 O-O-O 21. Ne4 Nb6 22. c3 Qe7 23. Nxf6 Rf5 24. Qg3 Qxf6 25. Rh2 Rf3 26. Qg2 Qf5+ 27. Ka1 Nc4 28. h5 Rd3 29.
Rdh1 Rd2 30. h6 Qc2 31. f4 Qxb2# 0

[Event "Torneo Nuevo Centro. Jornada 11"]
[Site "Chess.com"]
[Date "2020.08.28"]
[Round "8"]
[White "Perrot, Fabien "]
[Black "Chofre Murcia, Adrián"]
[Result "0-1"]
[WhiteElo "1184"]
[BlackElo "1630"]
[TimeControl "180+2"]
[EndTime "11:55:21 PDT"]
[Termination "Victoria de Kelorian por tiempo"]

1. d4 f5 2. Nf3 e6 3. c4 Nf6 4. Nc3 c6 5. Bg5 Be7 6. e3 d5 7. Ne5 Nbd7 8. Bxf6 Bxf6 9. Nxd7 Bxd7 10.
Be2 O-O 11. Qb3 b6 12. Qd1 Be8 13. Qd2 Qe7 14. O-O-O a5 15. g4 Bg5 16. f4 Bh6 17.
g5 Bxg5 18. fxg5 Qxg5 19. Rdg1 Qf6 20. h4 h5 21. Rg5 g6 22. Rhg1 Kh7 23. Bf3 Bf7 24. Qg2 Rg8 25. Ne2 a4 26. a3 b5 27.
c5 b4 28. Nf4 bxa3 29. bxa3 Rab8 30. Kc2 e5 31. dxe5 Qxe5 32. Bxh5 Rb2+ 33. Kd3 Rxg2 34. Bxg6+ Bxg6 35. R5xg2 Qe4+ 36. Ke2 Bf7 37. h5 Rxg2+ 38. Rxg2 Bxh5+ 39. Nxh5 Qxg2+ 40. Kd3 Qe4+ 41. Ke2 Qg4+ 0

[Event "Torneo Nuevo Centro. Jornada 11"]
[Site "Chess.com"]
[Date "2020.08.28"]
[Round "8"]
[White "Donate Moreno, Silvia"]
[Black "Vidarte Morales, Arturo"]
[Result "1-0"]
[WhiteElo "1897"]
[BlackElo "2199"]
[TimeControl "180+2"]
[EndTime "11:55:27 PDT"]
[Termination "Victoria de monetesSAL por abandono"]

1. e4 c5 2. Nf3 e6 3. d4 cxd4 4.
Nxd4 a6 5. c4 Qc7 6. Nc3 b6 7. Be2 Bb7 8. Be3 Nf6 9. f3 d6 10.
Qd2 Nbd7 11. O-O Be7 12. a4 O-O 13. a5 d5 14. axb6 Nxb6 15. cxd5 exd5 16. Nf5 Bc5 17. e5 Nfd7 18. f4 Nc4 19. Bxc4 dxc4 20. Rfd1 Rfd8 21.
Qf2 Bxe3 22. Qxe3 Nc5 23. Nd6 Nb3 24. Ra4 Qe7 25. Rxc4 Na5 26. Rcd4 Rab8 27. b4 Nc6 28. Rc4 Qe6 29. Nd5 Ne7 30. Nxe7+ Qxe7 31. Rcd4 Qe6 32.
Nxb7 Rxd4 33. Qxd4 g5 34. Nc5 Qg4 35. Nd7 Rxb4 36. Nf6+ Kg7 37. Nxg4 Rxd4 38. Rxd4 gxf4 39. Rxf4 a5 40. Ra4 1

[Event "Torneo Nuevo Centro. Jornada 11"]
[Site "Chess.com"]
[Date "2020.08.28"]
[Round "8"]
[White "Aymerich Rosell, Pablo"]
[Black "Sos Andreu, Eric"]
[Result "1-0"]
[WhiteElo "2020"]
[BlackElo "2487"]
[TimeControl "180+2"]
[EndTime "11:55:31 PDT"]
[Termination "Victoria de jasikevic por abandono"]

1. e4 c6 2. d4 d5 3. e5 Bf5 4.
Nf3 e6 5. Be2 c5 6. Be3 Nc6 7.
dxc5 Nge7 8. c3 Ng6 9. Bd4 Be7 10. O-O O-O 11. Nbd2 Nxd4 12. cxd4 b6 13. b4 bxc5 14. bxc5 Rb8 15. Nb3 a5 16. a4 Rb4 17. Bd3 Bxd3 18. Qxd3 Qc7 19. g3 Rfb8 20. Rfb1 h6 21. Nbd2 Qc6 22. Rxb4 Rxb4 23. Rb1 Qxa4 24.
Rxb4 Qxb4 25. h4 a4 26. Qa6 Bf8 27. c6 Ne7 28. c7 Qc3 29. Qxa4 Qxc7 30. Qe8 Nf5 31.
Kg2 Qb6 32. Qa4 Qb4 33. Qa7 Qb5 34. g4 Ne7 35. g5 Qe2 36. gxh6 gxh6 37. Qa3 Ng6 38.
Qe3 Qa6 39. h5 Ne7 40. Qf4 Nf5 41. Nh4 Nxh4+ 42. Qxh4 Qe2 43. Nf3 Bg7 44. Qd8+ Bf8 45. Qf6 Qe4 46. Qh4 Qf5 47. Qg3+ Kh7 48. Qh4 Bg7 49. Qh3 Qe4 50. Qg3 Bf8 51. Qh4 Qf5 52. Qh3 Qd3 53. Ng5+ hxg5 54. Qxd3+ Kh6 55. Qf3 1

[Event "Torneo Nuevo Centro. Jornada 11"]
[Site "Chess.com"]
[Date "2020.08.28"]
[Round "8"]
[White "Garcia, Jhoel"]
[Black "Muñoz Pantoja, Miguel"]
[Result "0-1"]
[WhiteElo "2371"]
[BlackElo "2529"]
[TimeControl "180+2"]
[EndTime "11:55:50 PDT"]
[Termination "Victoria de Indalsa por tiempo"]

1. d4 c5 2. c3 Nf6 3. Nf3 g6 4. Bf4 Bg7 5. e3 O-O 6. Be2 d6 7.
O-O Nc6 8. Nbd2 Nd5 9. Bg3 cxd4 10. exd4 e5 11. dxe5 dxe5 12. Bb5 f6 13. Ne4 Kh8 14. c4 Nc7 15. Nd6 Qe7 16. Re1 Bg4 17. Nxb7 Bxf3 18.
Qxf3 Nd4 19. Qe4 Nce6 20. Na5 f5 21. Nc6 Nxc6 22. Qxc6 f4 23. Bh4 g5 24. Qd7 Qf6 25. Rad1 Rad8 26. Qxa7 gxh4 27. c5 Rxd1 28. Rxd1 f3 29. c6 Nd4 30. g3 hxg3 31. hxg3 Nxb5 32. Qc5 Nd4 33. c7 Rc8 34. Qd5 Qe7 35. Qb7 Qxc7 36.
Qe4 Qc2 37. Qe1 Ne2+ 0

[Event "Torneo Nuevo Centro. Jornada 11"]
[Site "Chess.com"]
[Date "2020.08.28"]
[Round "8"]
[White "Luque Saiz, Andrés"]
[Black "Martin Ayala, David"]
[Result "1-0"]
[WhiteElo "2052"]
[BlackElo "1889"]
[TimeControl "180+2"]
[EndTime "11:55:59 PDT"]
[Termination "Victoria de Chuch1n por tiempo"]

1. e4 d5 2. exd5 Nf6 3. Bb5+ Bd7 4. Be2 Bf5 5. Nf3 Nxd5 6. d4 e6 7. O-O Be7 8. a3 O-O 9. c4 Nf6 10. Nc3 Nbd7 11. Nh4 Bg6 12. Nxg6 hxg6 13. Bf3 c6 14. Bf4 Nb6 15. b3 Rc8 16. Re1 Nh7 17. Qd3 Bf6 18. Rad1 Nd7 19. Ne4 Re8 20. Nd6 Ng5 21. Nxe8 Qxe8 22. Bd6 Nb6 23. d5 Qd7 24. dxc6 bxc6 25.
Bc5 Qc7 26. a4 Rd8 27. Qe3 Nd7 28. Bd6 Qb7 29. b4 e5 30. b5 e4 31. Bxe4 Nxe4 32. Qxe4 Qc8 33. bxc6 Nb6 34. c7 Rd7 35. Qe8+ Kh7 36.
Qxc8 Nxc8 37. c5 Bc3 38. Re8 Nxd6 39. cxd6 1

[Event "Torneo Nuevo Centro. Jornada 11"]
[Site "Chess.com"]
[Date "2020.08.28"]
[Round "8"]
[White "Ursariu, Nikolas Victor"]
[Black "Zamora Soler, Raul"]
[Result "0-1"]
[WhiteElo "1151"]
[BlackElo "1858"]
[TimeControl "180+2"]
[EndTime "11:56:00 PDT"]
[Termination "Victoria de rzamora80 por jaque mate"]

1. e4 c5 2. Nf3 Nc6 3. Nc3 e6 4. Bc4 Nge7 5. d3 d5 6. exd5 exd5 7. Bb3 Be6 8. O-O a6 9. Bf4 c4 10. Ba4 b5 11. dxc4 dxc4 12. Bxb5 axb5 13. a3 Ng6 14. Re1 Nxf4 15. Qxd8+ Rxd8 16. Re4 Bd6 17. Rd1 Bb8 18. Rxd8+ Nxd8 19. Re1 O-O 20. Rd1 Nc6 21. h3 b4 22.
axb4 Nxb4 23. Rd2 Nc6 24. Nd4 Nxd4 25. Rxd4 Be5 26. Re4 Bxc3 27. bxc3 Nd5 28. Rxc4 Rc8 29. Rxc8+ Bxc8 30. c4 Nf6 31. Kf1 Kf8 32. Ke2 Ke7 33.
Kd3 Kd6 34. Kd4 Be6 35. c5+ Kc6 36. h4 Nd7 37. c3 Nxc5 38. c4 Nb3+ 39. Kc3 Na5 40.
Kb4 Nxc4 41. Kc3 Kc5 42. Kd3 Kd5 43. Kc3 h5 44. Kd3 Bf5+ 45. Ke2 f6 46. Kf3 g5 47.
hxg5 fxg5 48. Kg3 Ne5 49. Kh2 h4 50. g3 h3 51. f4 Nf3+ 52. Kh1 gxf4 53. gxf4 h2 54.
Kg2 Ke4 55. Kh1 Kxf4 56. Kg2 Kg4 57. Kh1 Bd3 58. Kg2 Bf1+ 59. Kh1 Nd2 60. Kxh2 Bh3 61.
Kg1 Kg3 62. Kh1 Bg2+ 63. Kg1 Nf3# 0

[Event "Torneo Nuevo Centro. Jornada 11"]
[Site "Chess.com"]
[Date "2020.08.28"]
[Round "8"]
[White "Cayon Pelaez, Pablo"]
[Black "Gimenez Saiz, Jose Raul"]
[Result "0-1"]
[WhiteElo "1789"]
[BlackElo "1838"]
[TimeControl "180+2"]
[EndTime "11:56:17 PDT"]
[Termination "Victoria de rango013 por abandono"]

1. e4 d6 2. d4 Nf6 3. Bd3 g6 4. c3 e5 5. Nf3 Bg7 6. O-O O-O 7.
Bg5 h6 8. Bh4 g5 9. Bg3 Nh5 10.
dxe5 Nxg3 11. hxg3 dxe5 12. Bc4 c6 13. Na3 Nd7 14.
Qd2 Qe7 15. Rfd1 Nc5 16. Qc2 Bg4 17. Be2 Kh8 18. Nc4 f5 19. exf5 Bxf5 20. Qd2 Rad8 21. Qe3 Be4 22. b4 Bxf3 23. Bxf3 Na4 24. Re1 e4 25. Bxe4 Nxc3 26. Rac1 Bd4 27. Qe2 Nxe2+ 28. Rxe2 b5 29. Nd2 Qf6 30. Bf3 g4 31. Rxc6 Qg5 32. Bd5 Rxd5 33. Rce6 Rdf5 34. R6e4 Bxf2+ 35. Kf1 Bxg3+ 36. Kg1 Rf1+ 37. Nxf1 Qc1 38. Re1 Bxe1 39. Kh2 Rxf1 40. Re8+ Kg7 41. Re7+ Kf6 42. Rxa7 Qc3 0

[Event "Torneo Nuevo Centro. Jornada 11"]
[Site "Chess.com"]
[Date "2020.08.28"]
[Round "8"]
[White "Casado Andreu, David"]
[Black "Sampedro Roig, Josep Francesc"]
[Result "0-1"]
[WhiteElo "1580"]
[BlackElo "1848"]
[TimeControl "180+2"]
[EndTime "11:56:19 PDT"]
[Termination "Victoria de Abrekurios por abandono"]

1. e4 Nf6 2. e5 Nd5 3. d4 d6 4. c4 Nb6 5. exd6 cxd6 6. Be2 g6 7. Be3 Bg7 8. Nc3 O-O 9. Rc1 Nc6 10. d5 Ne5 11. b3 e6 12. dxe6 fxe6 13. Nf3 Ng4 14. Bg5 Qc7 15. O-O a6 16. h3 Nf6 17.
Qd2 Ne8 18. Rfe1 Bd7 19. Bh6 Bc6 20. Nd4 Bxh6 21. Qxh6 Ng7 22. Bg4 Nd7 23. Bxe6+ Kh8 24.
Bd5 Ne5 25. Qe3 Rad8 26. f4 Nf7 27. Bxf7 Rxf7 28. Ne6 Nxe6 29. Qxe6 Rdf8 30. Rf1 Qb6+ 31.
Kh2 Qd4 32. Nd5 Bxd5 33. cxd5 Rxf4 34. Rxf4 Qxf4+ 35. Kg1 Qxc1+ 36. Kh2 Qf4+ 37. Kg1 Qf6 38. Qe2 Qf7 39. Qd2 Re8 40. Kh2 Re5 41. Qc3 Qxd5 42. Qc8+ Kg7 43. Qd7+ Kh6 44. Qg4 Re4 45. Qf3 Qe5+ 46. Kh1 Re1+ 0

[Event "Torneo Nuevo Centro. Jornada 11"]
[Site "Chess.com"]
[Date "2020.08.28"]
[Round "8"]
[White "Méndez Giménez , Néstor Emmanuel"]
[Black "Más Ripoll, Vicente"]
[Result "1-0"]
[WhiteElo "1241"]
[BlackElo "1070"]
[TimeControl "180+2"]
[EndTime "11:56:22 PDT"]
[Termination "Victoria de NestorMendez8 por jaque mate"]

1. e4 c5 2. Nf3 e6 3. d4 cxd4 4.
Nxd4 Nc6 5. Nxc6 bxc6 6. Nc3 Bb7 7. Be3 c5 8. g3 Nf6 9. Bg2 Be7 10. O-O O-O 11. Bg5 Ne8 12. Bxe7 Qxe7 13. Nb5 Nf6 14.
Nc7 Rab8 15. Qe2 a6 16. Nxa6 Bxa6 17. Qxa6 Rxb2 18. Qd3 Rd8 19. e5 Ne8 20. Rfb1 Rbb8 21. Be4 f5 22. Bg2 d6 23. Rxb8 Rxb8 24. exd6 Nxd6 25.
Rd1 Rd8 26. Qa6 Rd7 27. Qa8+ Rd8 28. Qa5 Kf7 29. h3 c4 30. g4 fxg4 31. hxg4 Nb7 32.
Qa7 Rxd1+ 33. Kh2 Rd2 34. Kh3 Nc5 35. Qa5 Rxf2 36. Kg3 Rxc2 37. Bf3 h6 38. a4 Qd6+ 39. Kh3 Nb7 40. Qh5+ Kg8 41. Qe8+ Kh7 42. Be4+ g6 43.
Qf7+ Kh8 44. Qe8+ Kh7 45. Qxg6+ Kh8 46. Qh7# 1

[Event "Torneo Nuevo Centro. Jornada 11"]
[Site "Chess.com"]
[Date "2020.08.28"]
[Round "8"]
[White "Ortiz Benavent, Alba"]
[Black "Bercaru, Vlad Ionut"]
[Result "1/2-1/2"]
[WhiteElo "1205"]
[BlackElo "1707"]
[TimeControl "180+2"]
[EndTime "11:56:25 PDT"]
[Termination "Tablas por repeticiÃ³n"]

1. d4 Nf6 2. Nf3 g6 3. Bf4 Bg7 4. e3 d6 5. Be2 O-O 6. O-O Nbd7 7. Nbd2 b6 8. c3 Bb7 9. Re1 Ne4 10. Nxe4 Bxe4 11. Nd2 Bb7 12. Bf3 Qc8 13. Bxb7 Qxb7 14. Qf3 Qxf3 15. Nxf3 e5 16. Bg3 e4 17. Nd2 f5 18. f3 Nf6 19. fxe4 Nxe4 20. Nxe4 fxe4 21. Rf1 Bh6 22. Bf4 Bxf4 23. Rxf4 Rxf4 24. exf4 d5 25. g3 Kf7 26. Kf2 c5 27. dxc5 bxc5 28. Rd1 Ke6 29.
Ke3 Rb8 30. b3 Rd8 31. Rd2 Kf5 32. h3 h5 33. Rd1 a5 34. Rd2 Rd6 35. Rd1 Ke6 36. Rd2 Ra6 37. c4 Rd6 38. cxd5+ Rxd5 39. Rxd5 Kxd5 40. g4 h4 41. f5 gxf5 42. gxf5 Ke5 43.
f6 Kxf6 44. Kxe4 Ke6 45. Kf4 a4 46. Kg4 axb3 47. axb3 Kd5 48. Kxh4 Kd4 49. Kg5 Kc3 50. h4 Kxb3 51. h5 c4 52. h6 c3 53. h7 c2 54.
h8=Q c1=Q+ 55. Kg6 Qg1+ 56. Kh7 Qh2+ 57. Kg8 Qg3+ 58.
Kh7 Qh4+ 59. Kg8 Qg5+ 60. Kh7 Qh5+ 61. Kg8 Qe8+ 62. Kh7 Qf7+ 63. Qg7 Qf5+ 64. Kh8 Qh3+ 65. Kg8 Qc8+ 66. Kh7 Qh3+ 67. Kg8 Qc8+ 68. Kh7 Qh3+ 69. Kg8 1/2-1

[Event "Torneo Nuevo Centro. Jornada 11"]
[Site "Chess.com"]
[Date "2020.08.28"]
[Round "8"]
[White "Macias Pino, Diego"]
[Black "Gil López, Alejandro"]
[Result "1-0"]
[WhiteElo "2262"]
[BlackElo "2195"]
[TimeControl "180+2"]
[EndTime "11:57:11 PDT"]
[Termination "Victoria de adivinaquiensoy por abandono"]

1. d4 e5 2. dxe5 d6 3. Bf4 Nc6 4. exd6 Qf6 5. Qc1 Bxd6 6. Bxd6 Qxd6 7. Nf3 Bg4 8. e3 O-O-O 9. Be2 Nf6 10. Nbd2 h5 11.
h3 Bf5 12. c3 Ne5 13. Nxe5 Qxe5 14. Nf3 Qe4 15. O-O Rdg8 16. Ng5 Qe7 17. Bc4 Be6 18. Bxe6+ fxe6 19. e4 Nh7 20. Nxh7 Rxh7 21. Qe3 g5 22. Qxa7 Rd8 23. Rad1 c6 24. a4 g4 25. a5 Rxd1 26. Rxd1 gxh3 27. a6 bxa6 28. Qa8+ Kc7 29. Qa7+ Kc8 30. Qxa6+ Qb7 31. Qa2 Re7 32. gxh3 Kc7 33. Qa5+ Qb6 34. Qe5+ Kb7 35. b4 Rf7 36. Rd4 Re7 37. Qg5 Rf7 38. Qg6 Re7 39. Qf6 Qc7 40. Kf1 Rf7 41. Qg5 Qh2 42. Qg2 Qf4 43.
Rd1 Qf6 44. b5 Qxc3 45. bxc6+ Qxc6 46. Rb1+ Kc7 47. Kg1 Qd7 48. Kh1 Rg7 49. Qf3 Qd6 50.
Rc1+ Kd7 51. Rd1 Ke7 52. Rxd6 Kxd6 53. e5+ Kd7 54. Qb7+ 1

[Event "Torneo Nuevo Centro. Jornada 11"]
[Site "Chess.com"]
[Date "2020.08.28"]
[Round "8"]
[White "Rodriguez Rodriguez, Joan David "]
[Black "Yuste Valenzuela, Alejandro"]
[Result "0-1"]
[WhiteElo "1779"]
[BlackElo "1888"]
[TimeControl "180+2"]
[EndTime "11:57:23 PDT"]
[Termination "Victoria de alejandrito290 por abandono"]

1. d4 Nf6 2. c4 g6 3. Nc3 Bg7 4. e4 d6 5. Nf3 O-O 6. Be2 e5 7. dxe5 dxe5 8. Qxd8 Rxd8 9. Bg5 Re8 10.
Nd5 Nxd5 11. cxd5 Na6 12. a3 Nc5 13. Nd2 b6 14. O-O h6 15. Be3 Ba6 16. Bxa6 Nxa6 17. Rac1 Rac8 18. b4 Nb8 19. b5 Nd7 20. Nb3 f5 21. f3 fxe4 22. fxe4 Nf6 23. Nd2 Ng4 24. Bf2 Nxf2 25. Rxf2 Bf8 26. a4 Bc5 27. Rf1 Bxf2+ 28. Rxf2 Rf8 29. Nf3 Rce8 30. Rc2 Rf7 31. Rc6 Kg7 32.
h4 Ree7 33. Kf2 Rf4 34. Ke3 Rg4 35. Rc2 g5 36. hxg5 hxg5 37. Rd2 Kf7 38. Rc2 Ke8 39.
Kf2 Rxe4 40. Rc6 g4 41. Ng5 Rd4 42. Rh6 Rxd5 43. Ne6 Rd6 44. Nxc7+ Kd7 45. Rxd6+ Kxd6 46. Na6 Kd5 47. Nb4+ Kc4 48. Nc2 Rd7 49. Kg3 Rd2 50. Ne3+ Kb4 51. Kxg4 Kxa4 52. Nf1 Rxg2+ 53. Kf3 Rb2 54. Ke4 Rxb5 55. Ne3 Rb4+ 56. Kxe5 Kb3 57. Nd5 Rb5 58. Kd4 Rxd5+ 59. Kxd5 a5 60. Kd4 a4 61. Kd3 Kb2 62. Kd2 a3 0

[Event "Torneo Nuevo Centro. Jornada 11"]
[Site "Chess.com"]
[Date "2020.08.28"]
[Round "8"]
[White "Serrano Requena, Guillem"]
[Black "Bascuñana Sánchez, Pablo"]
[Result "1-0"]
[WhiteElo "1360"]
[BlackElo "1656"]
[TimeControl "180+2"]
[EndTime "11:58:35 PDT"]
[Termination "Victoria de Guily351 por jaque mate"]

1. d4 Nf6 2. Bg5 c5 3. Bxf6 gxf6 4. e3 Bg7 5. g3 Nc6 6. Bg2 d6 7. c3 f5 8. Ne2 O-O 9. O-O cxd4 10. cxd4 e5 11. Nbc3 e4 12. Nf4 Be6 13. d5 Bd7 14. dxc6 Bxc6 15. Rc1 Rc8 16. Bh3 Qf6 17. Ncd5 Bxd5 18.
Nxd5 Qe6 19. Bxf5 Qe5 20. Bxc8 Qxb2 21. Rb1 Qxa2 22. Ne7+ Kh8 23. Bf5 b6 24. Qh5 h6 25.
Ra1 Qb2 26. Rxa7 Qf6 27. Nd5 Qe5 28. Rxf7 Qxd5 29. Rxf8+ Bxf8 30. Qg6 Qg8 31. Qxg8+ Kxg8 32. Rb1 d5 33. Rxb6 Kf7 34. Be6+ Kf6 35. Bxd5+ Ke5 36. Ba2 Kf5 37. Rb8 Bg7 38. Rg8 Bf6 39. Bd5 Ke5 40. Ba8 Kf5 41. Re8 Be5 42. Bxe4+ Kxe4 43. Kg2 Kf5 44.
f3 h5 45. e4+ Kf6 46. f4 Bd4 47. e5+ Kf7 48. Rd8 Bb6 49. Rh8 Kg6 50. Rg8+ Kf5 51.
Rg5+ Ke4 52. Rxh5 Bd8 53. Rh6 Kf5 54. e6 Be7 55. h4 Bf6 56. Kf3 Kxe6 57. g4 Ke7 58.
Rxf6 Kxf6 59. h5 Kg7 60. g5 Kf7 61. Kg4 Kg7 62. f5 Kf7 63. h6 Kg8 64. Kh5 Kh7 65. g6+ Kg8 66. f6 Kh8 67. g7+ Kg8 68. f7+ Kxf7 69. Kg5 Kg8 70. Kf6 Kh7 71. Kf7 Kxh6 72. g8=Q Kh5 73. Kf6 Kh4 74. Kf5 Kh3 75. Kf4 Kh4 76.
Qg4# 1